Map: Ever Dream LE

Players

BlyOnFire (Bly) - Winner!

  • Race: Zerg Zerg
  • Spawn Location: 1:00

Spatz

  • Race: Protoss Protoss
  • League: Master
  • Spawn Location: 7:00

Event: DreamHack SC2 Masters 2020 Summer Europe

VOD

Have the link to the VOD?

Description

Time

  • Played on: July 5, 2020, 12:25 p.m.
  • Length: 8:41

All games in this series

Show
View Real Time Build Order
Export as new Build Order

BlyOnFire Zerg - Winner!

Build Orders: 3 Hatch before Pool, Swarm Host 

Get SALT Encoding   

  12  0:01  Drone  
  13  0:13  Drone  
  14  0:19  Overlord  
  14  0:25  Drone, Extractor  
  15  0:37  Drone x2  
  17  0:54  Hatchery  
  16  0:59  Drone  
  17  1:19  Hatchery  
  17  1:20  Drone  
  17  1:24  Drone  
  18  1:36  Extractor  
  17  1:40  Spawning Pool  
  17  1:41  Drone  
  17  1:46  Drone  
  18  1:50  Drone  
  19  1:57  Drone  
  20  2:09  Drone  
  20  2:10  Overlord  
  21  2:21  Drone  
  21  2:22  Drone  
  23  2:27  Queen x2  
  23  2:28  Zergling x4  
  29  2:35  Zergling x2  
  30  2:38  Zergling x2  
  30  2:39  Metabolic Boost  
  30  2:59  Drone x3  
  30  3:03  Zergling x2, Queen  
  35  3:11  Overlord, Spore Crawler  
  35  3:12  Spore Crawler  
  33  3:13  Overlord  
  33  3:23  Lair  
  33  3:24  Overlord  
  35  3:29  Drone x2  
  37  3:40  Drone x6  
  43  3:45  Drone  
  44  3:51  Drone x2  
  44  3:53  Extractor  
  44  3:55  Spore Crawler  
  44  3:57  Spore Crawler  
  44  3:59  Overlord  
  44  4:02  Spore Crawler  
  41  4:06  Drone  
  41  4:09  Drone x6  
  49  4:15  Drone x2  
  51  4:18  Spore Crawler, Extractor  
  49  4:25  Drone x2  
  49  4:29  Overseer  
  51  4:34  Queen, Infestation Pit  
  51  4:36  Extractor  
  51  4:45  Overlord  
  51  4:49  Drone x3  
  51  4:50  Overlord  
  51  4:51  Roach Warren  
  53  4:54  Overlord  
  53  5:04  Nydus Network  
  52  5:11  Swarm Host x3  
  61  5:15  Swarm Host  
  64  5:23  Swarm Host  
  64  5:28  Drone x2  
  69  5:29  Overlord  
  69  5:31  Swarm Host  
  72  5:40  Nydus Canal  
  72  5:50  Overseer  
  72  5:52  Swarm Host  
  72  5:54  Zergling x6  
  78  5:59  Hatchery  
  77  6:05  Overlord  
  77  6:14  Nydus Canal  
  77  6:16  Swarm Host x3  
  77  6:18  Overlord  
  86  6:25  Drone x4, Overlord  
  90  6:31  Overlord  
  90  6:36  Roach x3  
  96  6:40  Overlord  
  96  6:46  Roach x2  
  100  6:48  Overlord  
  100  6:53  Overlord  
  100  6:57  Overlord  
  99  7:06  Nydus Canal  
  99  7:07  Roach x4  
  107  7:14  Spine Crawler  
  106  7:18  Roach x4  
  113  7:24  Ravager  
  113  7:25  Ravager  
  113  7:26  Evolution Chamber  
  113  7:28  Evolution Chamber  
  113  7:38  Roach x2  
  113  7:39  Overlord  
  113  7:40  Overlord  
  113  7:42  Roach x2  
  121  7:45  Overlord  
  121  7:50  Ravager x3  
  119  7:51  Overlord  
  96  8:05  Swarm Host  
  96  8:06  Zergling x10  
  96  8:07  Zergling x4  
Show
View Real Time Build Order
Export as new Build Order

Spatz Protoss 

Build Orders: Oracle Opening, Zealot Archon, Archon Drop 

Get SALT Encoding   

  12  0:00  Probe  
  13  0:13  Probe  
  14  0:17  Pylon  
  14  0:24  Probe  
  15  0:32  Probe  
  15  0:38  Gateway  
  16  0:43  Probe  
  16  0:48  Assimilator  
  17  0:55  Probe  
  18  1:07  Probe  
  19  1:17  Zealot  
  19  1:19  Probe  
  20  1:30  Pylon  
  20  1:31  Cybernetics Core, Probe  
  23  1:48  Probe  
  24  2:01  Probe  
  25  2:06  Adept  
  25  2:07  Nexus  
  25  2:19  Warp Gate  
  25  2:22  Probe  
  28  2:30  Assimilator  
  28  2:35  Pylon  
  28  2:36  Probe  
  29  2:42  Adept  
  31  2:53  Probe  
  31  3:05  Probe  
  31  3:11  Stargate  
  31  3:15  Probe  
  31  3:17  Probe  
  32  3:23  Probe  
  32  3:25  Probe  
  32  3:26  Stalker  
  35  3:32  Probe  
  37  3:34  Assimilator  
  37  3:35  Probe  
  37  3:40  Gateway  
  39  3:45  Probe  
  40  3:49  Shield Battery  
  40  3:50  Oracle, Probe  
  44  3:57  Probe  
  45  4:03  Probe  
  45  4:09  Probe  
  45  4:11  Robotics Facility  
  45  4:15  Assimilator  
  45  4:16  Probe  
  46  4:21  Probe, Zealot  
  49  4:25  Twilight Council  
  49  4:28  Probe  
  49  4:30  Phoenix  
  50  4:34  Probe  
  50  4:36  Pylon  
  53  4:40  Probe  
  54  4:48  Pylon  
  54  4:54  Warp Prism, Probe x2  
  58  5:05  Templar Archives  
  59  5:09  Gateway  
  59  5:12  Gateway, Charge  
  58  5:21  Immortal, Zealot x2  
  66  5:39  Pylon  
  66  5:43  High Templar x2  
  66  5:45  Pylon  
  66  5:48  Gateway  
  66  5:49  Gateway, Archon  
  70  6:05  Zealot  
  70  6:06  Immortal  
  72  6:11  Zealot  
  72  6:18  High Templar x2  
  80  6:21  Gateway  
  80  6:25  Archon  
  80  6:30  Gateway  
  80  6:32  Zealot x2  
  84  6:35  Pylon  
  84  6:40  Pylon  
  84  6:42  Pylon  
  84  6:53  Pylon  
  84  6:54  Pylon  
  84  6:55  Zealot x5  
  84  7:20  High Templar x4  
  84  7:21  Zealot x3  
  98  7:24  Archon x2  
  98  7:28  Probe x2  
  100  7:30  Pylon  
  87  7:47  Zealot x4  
  70  8:00  Warp Prism  
  60  8:13  Zealot x2  
  60  8:17  Probe  
  50  8:26  Probe  
Tags
 
Add a new tag
Caveats
  • Supply blocks, unpowered buildings, or Contaminate may cause inaccurate times.
  • Supply counts are checked every 10 seconds.